EVO
VANDERBILT UNIVERSITY COMMODORES @ UNIVERSITY OF NORTH CAROLINA AT CHAPEL HILL TAR HEELS
12/23/2047
 
TOP OF THE 1ST
Vanderbilt University Commodores batting - Pitching for University of North Carolina at Chapel Hill Tar Heels : LHP Francisco Guerra
Pitching: LHP Francisco Guerra
Batting: RHB Ryan Cole 0-0: Ball
1-0: Swinging Strike
1-1: Fly out, F7 (Flyball, 7D, EV 91.2 MPH)
Batting: LHB Dennis French 0-0: Called Strike
0-1: Foul Ball, location: 2F
0-2: Strikes out swinging
Batting: RHB Jose Ramos 0-0: Ball
1-0: Foul Ball, location: 2F
1-1: SINGLE (Line Drive, 78M, EV 110.6 MPH)
Batting: RHB Jelani Griffin 0-0: Called Strike
0-1: Ball
Pickoff Throw to First - Out! 1-3 CS
Top of the 1st over - 0 runs, 1 hit, 0 errors, 0 left on base; Vanderbilt University 0 - University of North Carolina at Chapel Hill 0
BOTTOM OF THE 1ST
University of North Carolina at Chapel Hill Tar Heels batting - Pitching for Vanderbilt University Commodores : RHP Milutin Mladjenovic
Pitching: RHP Milutin Mladjenovic
Batting: SHB Ryan Marsh 0-0: Ball
1-0: Ball
2-0: Ball
3-0: Base on Balls
Batting: RHB Bill Atley 0-0: Ball
1-0: Fielders Choice at 2nd, 6-4 (Groundball, 6, EV 80.0 MPH)
Batting: SHB Sam Fredrick 0-0: Grounds into double play, 3-6-1 (Groundball, 3, EV 87.5 MPH)
Bottom of the 1st over - 0 runs, 0 hits, 0 errors, 0 left on base; Vanderbilt University 0 - University of North Carolina at Chapel Hill 0
TOP OF THE 2ND
Vanderbilt University Commodores batting - Pitching for University of North Carolina at Chapel Hill Tar Heels : LHP Francisco Guerra
Batting: RHB Jelani Griffin 0-0: Called Strike
0-1: Foul Ball, location: 2F
0-2: Ball
1-2: Ball
2-2: Strikes out swinging
Batting: LHB Tony Olmos 0-0: Ground out U3 (Groundball, 34, EV 80.0 MPH)
Batting: LHB Ryan Adams 0-0: Called Strike
0-1: Ball
1-1: Fly out, F2 (Popup, 2LF, EV 92.5 MPH)
Top of the 2nd over - 0 runs, 0 hits, 0 errors, 0 left on base; Vanderbilt University 0 - University of North Carolina at Chapel Hill 0
BOTTOM OF THE 2ND
University of North Carolina at Chapel Hill Tar Heels batting - Pitching for Vanderbilt University Commodores : RHP Milutin Mladjenovic
Batting: RHB Jeremy Rollins 0-0: SINGLE (Groundball, 56D, EV 103.1 MPH)
Batting: RHB Tan Halit 0-0: Ball
1-0: Fielders Choice at 2nd, 2-4 (Groundball, 15S, EV 71.9 MPH)
Batting: RHB Scott Hansen 0-0: Called Strike
0-1: Called Strike
0-2: Strikes out swinging
Batting: RHB Mike Storey 0-0: Foul Ball, location: 2F
0-1: Ball
1-1: Ball
2-1: Foul Ball, location: 2F
2-2: Foul Ball, location: 2F
2-2: Strikes out looking
Bottom of the 2nd over - 0 runs, 1 hit, 0 errors, 1 left on base; Vanderbilt University 0 - University of North Carolina at Chapel Hill 0
TOP OF THE 3RD
Vanderbilt University Commodores batting - Pitching for University of North Carolina at Chapel Hill Tar Heels : LHP Francisco Guerra
Batting: LHB Garret Mathis 0-0: Ball
1-0: Ball
2-0: Ball
3-0: Called Strike
3-1: Base on Balls
Batting: RHB Ryan Wright 0-0: Foul Ball, location: 2F
0-1: Ball
1-1: Called Strike
1-2: Fielders Choice at 2nd, 5-4 (Groundball, 5, EV 107.5 MPH)
Batting: LHB Jessie Whedbee 0-0: Ball
1-0: Swinging Strike
1-1: Foul Ball, location: 2F
1-2: Ball
2-2: Ball
3-2: Base on Balls
Ryan Wright to second
Batting: RHB Ryan Cole 0-0: Foul Ball, location: 2F
0-1: Fielders Choice at 2nd, 4-6 (Groundball, 4, EV 88.1 MPH)
Ryan Wright to third
Batting: LHB Dennis French 0-0: Called Strike
0-1: Ball
1-1: Foul Ball, location: 2F
1-2: Ball
2-2: Ball
3-2: 3-RUN HOME RUN (Flyball, 9LD, EV 96.2 MPH), Distance : 345 ft
Batting: RHB Jose Ramos 0-0: Swinging Strike
0-1: Foul Ball, location: 2F
0-2: SINGLE (Groundball, 6MD, EV 96.2 MPH)
Batting: RHB Jelani Griffin 0-0: Foul Ball, location: 2F
0-1: Ball
1-1: Foul Ball, location: 2F
1-2: Ball
2-2: Ground out 4-3 (Groundball, 4, EV 90.0 MPH)
Top of the 3rd over - 3 runs, 2 hits, 0 errors, 1 left on base; Vanderbilt University 3 - University of North Carolina at Chapel Hill 0
BOTTOM OF THE 3RD
University of North Carolina at Chapel Hill Tar Heels batting - Pitching for Vanderbilt University Commodores : RHP Milutin Mladjenovic
Batting: RHB Kyle Franken 0-0: Foul Ball, location: 2F
0-1: Ball
1-1: Foul Ball, location: 2F
1-2: Foul Ball, location: 2F
1-2: Ball
2-2: SINGLE (Groundball, 4MD, EV 100.0 MPH)
Batting: RHB Brandon Wilson 0-0: Called Strike
0-1: Ball
1-1: Ball
2-1: Ball
3-1: Foul Ball, location: 2F
3-2: Grounds into double play, 5-4-3 (Groundball, 56S, EV 87.5 MPH)
Batting: SHB Ryan Marsh 0-0: Ball
1-0: Ball
2-0: Called Strike
2-1: Ground out 5-3 (Groundball, 15, EV 83.1 MPH)
Bottom of the 3rd over - 0 runs, 1 hit, 0 errors, 0 left on base; Vanderbilt University 3 - University of North Carolina at Chapel Hill 0
TOP OF THE 4TH
Vanderbilt University Commodores batting - Pitching for University of North Carolina at Chapel Hill Tar Heels : LHP Francisco Guerra
Batting: LHB Tony Olmos 0-0: Ball
1-0: Foul Ball, location: 2F
1-1: Swinging Strike
1-2: Strikes out swinging wild pitch, reaches first!
Batting: LHB Ryan Adams 0-0: Foul Ball, location: 2F
0-1: Ball
1-1: Ball
2-1: Ball
3-1: SINGLE (Groundball, 56D, EV 98.1 MPH)
Tony Olmos to second
Batting: LHB Garret Mathis 0-0: Swinging Strike
0-1: Swinging Strike
0-2: Ball
1-2: Ball
2-2: Foul Ball, location: 2F
2-2: Ball
3-2: Foul Ball, location: 2F
3-2: Foul Ball, location: 2F
3-2: Base on Balls
Tony Olmos to third
Ryan Adams to second
Batting: RHB Ryan Wright 0-0: Ball
1-0: Swinging Strike
1-1: Ball
2-1: Foul Ball, location: 2F
2-2: Ball
3-2: Foul Ball, location: 2F
3-2: Foul Ball, location: 2F
3-2: Base on Balls
Tony Olmos scores
Ryan Adams to third
Garret Mathis to second
Batting: LHB Jessie Whedbee 0-0: Ball
1-0: Ball
2-0: Called Strike
2-1: Ball
3-1: Fielders Choice at 2nd, 6-4 (Groundball, 6M, EV 107.5 MPH)
Ryan Adams scores
Garret Mathis to third
Batting: RHB Ryan Cole 0-0: Called Strike
0-1: Fielders Choice at 2nd, 1-4 (Groundball, 15, EV 60.6 MPH)
Batting: LHB Dennis French 0-0: Called Strike
0-1: DOUBLE (Line Drive, 89D, EV 108.1 MPH)
Garret Mathis scores
Ryan Cole to third
Runner from 3rd tries for Home, SAFE, no throw by RF
Pitching: RHP Jason Kaelber
Batting: RHB Jose Ramos 0-0: Called Strike
0-1: Ball
1-1: Foul Ball, location: 2F
1-2: SINGLE (Flyball, 3D, EV 88.8 MPH)
Dennis French to third
Runner from 3rd tries for Home, throw by RF and OUT! 9-2
Top of the 4th over - 4 runs, 3 hits, 0 errors, 1 left on base; Vanderbilt University 7 - University of North Carolina at Chapel Hill 0
BOTTOM OF THE 4TH
University of North Carolina at Chapel Hill Tar Heels batting - Pitching for Vanderbilt University Commodores : RHP Milutin Mladjenovic
Batting: RHB Bill Atley 0-0: Ball
1-0: Foul Ball, location: 2F
1-1: Foul Ball, location: 2F
1-2: Foul Ball, location: 2F
1-2: Strikes out swinging
Batting: SHB Sam Fredrick 0-0: Ball
1-0: Ball
2-0: Called Strike
2-1: Ground out U3 (Groundball, 3, EV 84.4 MPH)
Batting: RHB Jeremy Rollins 0-0: SOLO HOME RUN (Flyball, 7LD, EV 91.2 MPH), Distance : 349 ft
Batting: RHB Tan Halit 0-0: Ball
1-0: Ground out 6-3 (Groundball, 6S, EV 80.0 MPH)
Bottom of the 4th over - 1 run, 1 hit, 0 errors, 0 left on base; Vanderbilt University 7 - University of North Carolina at Chapel Hill 1
TOP OF THE 5TH
Vanderbilt University Commodores batting - Pitching for University of North Carolina at Chapel Hill Tar Heels : RHP Jason Kaelber
Batting: RHB Jelani Griffin 0-0: Ball
1-0: Swinging Strike
1-1: Foul Ball, location: 2F
1-2: Ball
2-2: Ground out U3 (Groundball, 34S, EV 83.1 MPH)
Batting: LHB Tony Olmos 0-0: Swinging Strike
0-1: Fly out, F8 (Flyball, 8RM, EV 85.0 MPH)
Batting: LHB Ryan Adams 0-0: Ball
1-0: Ball
2-0: Ball
3-0: Called Strike
3-1: Foul Ball, location: 2F
3-2: Base on Balls
Batting: LHB Garret Mathis 0-0: Ball
1-0: Ball
2-0: Foul Ball, location: 2F
2-1: Ball
3-1: Base on Balls
Ryan Adams to second
Batting: RHB Ryan Wright 0-0: Ball
1-0: Foul Ball, location: 2F
1-1: SINGLE (Line Drive, 8LS, EV 97.5 MPH)
Ryan Adams to third
Garret Mathis to second
Runner from 3rd tries for Home, SAFE, throw by CF to home
Batting: LHB Jessie Whedbee 0-0: Foul Ball, location: 2F
0-1: Swinging Strike
0-2: Strikes out swinging
Top of the 5th over - 1 run, 1 hit, 0 errors, 2 left on base; Vanderbilt University 8 - University of North Carolina at Chapel Hill 1
BOTTOM OF THE 5TH
University of North Carolina at Chapel Hill Tar Heels batting - Pitching for Vanderbilt University Commodores : RHP Milutin Mladjenovic
Batting: RHB Scott Hansen 0-0: Swinging Strike
0-1: Ground out U3 (Groundball, 34S, EV 80.6 MPH)
Batting: RHB Mike Storey 0-0: Ball
1-0: Foul Ball, location: 2F
1-1: Foul Ball, location: 2F
1-2: Ball
2-2: Foul Ball, location: 2F
2-2: Strikes out looking
Batting: RHB Kyle Franken 0-0: Called Strike
0-1: Ball
1-1: Swinging Strike
1-2: Hit by Pitch
Batting: RHB Brandon Wilson 0-0: Swinging Strike
0-1: Called Strike
0-2: Fielders Choice at 2nd, 6-4 (Groundball, 6, EV 85.6 MPH)
Bottom of the 5th over - 0 runs, 0 hits, 0 errors, 1 left on base; Vanderbilt University 8 - University of North Carolina at Chapel Hill 1
TOP OF THE 6TH
Vanderbilt University Commodores batting - Pitching for University of North Carolina at Chapel Hill Tar Heels : RHP Jason Kaelber
Pitching: RHP Vince Sumpter
Batting: RHB Ryan Cole 0-0: SINGLE (Flyball, 8RM, EV 91.9 MPH)
Batting: LHB Dennis French 0-0: Ball
1-0: Ball
2-0: DOUBLE (Line Drive, 5D, EV 104.4 MPH)
Ryan Cole to third
Batting: RHB Jose Ramos 0-0: Foul Ball, location: 2F
0-1: Foul Ball, location: 2F
0-2: Ball
1-2: SINGLE (Line Drive, 9LS, EV 94.4 MPH)
Ryan Cole scores
Dennis French to third
Batting: RHB Jelani Griffin 0-0: Ball
1-0: Swinging Strike
1-1: Called Strike
1-2: Foul Ball, location: 2F
1-2: Ball
2-2: Ball
3-2: Fielders Choice at 2nd, 4-6 (Groundball, 4M, EV 101.9 MPH)
Dennis French scores
Batting: LHB Tony Olmos 0-0: Ball
1-0: Ball
2-0: Called Strike
2-1: Ball
3-1: Foul Ball, location: 2F
3-2: Base on Balls
Jelani Griffin to second
Batting: LHB Ryan Adams 0-0: SINGLE (Groundball, 34, EV 95.0 MPH)
Jelani Griffin to third
Tony Olmos to second
Runner from 3rd tries for Home, SAFE, throw by RF to home
Batting: LHB Garret Mathis 0-0: Fielders Choice at 2nd, 4-6 (Groundball, 34, EV 106.2 MPH)
Tony Olmos to third
Batting: RHB Ryan Wright 0-0: Ball
1-0: DOUBLE (Flyball, 8LXD, EV 103.1 MPH)
Tony Olmos scores
Garret Mathis to third
Runner from 3rd tries for Home, throw by CF and OUT! 8-6-2
Top of the 6th over - 4 runs, 5 hits, 0 errors, 1 left on base; Vanderbilt University 12 - University of North Carolina at Chapel Hill 1
BOTTOM OF THE 6TH
University of North Carolina at Chapel Hill Tar Heels batting - Pitching for Vanderbilt University Commodores : RHP Milutin Mladjenovic
Batting: SHB Ryan Marsh 0-0: Ball
1-0: Ball
2-0: Ball
3-0: Called Strike
3-1: Fly out, F1 (Line Drive, P, EV 71.2 MPH)
Batting: RHB Bill Atley 0-0: Ball
1-0: Ball
2-0: Called Strike
2-1: Ball
3-1: Foul Ball, location: 2F
3-2: Ground out 4-3 (Groundball, 4MD, EV 103.1 MPH)
Batting: SHB Sam Fredrick 0-0: SINGLE (Flyball, 78S, EV 92.5 MPH)
Batting: RHB Jeremy Rollins 0-0: Ball
1-0: Foul Ball, location: 2F
1-1: Swinging Strike
1-2: SINGLE (Line Drive, 9S, EV 90.6 MPH)
Sam Fredrick to second
Runner from 2nd tries for 3rd, SAFE, throw by RF made to third
Batting: RHB Tan Halit 0-0: Fly out, F8 (Flyball, 8RM, EV 88.1 MPH)
Bottom of the 6th over - 0 runs, 2 hits, 0 errors, 2 left on base; Vanderbilt University 12 - University of North Carolina at Chapel Hill 1
TOP OF THE 7TH
Vanderbilt University Commodores batting - Pitching for University of North Carolina at Chapel Hill Tar Heels : RHP Vince Sumpter
Pitching: RHP Alex Aldaya
Batting: LHB Jessie Whedbee 0-0: Ball
1-0: Ball
2-0: Foul Ball, location: 2F
2-1: Foul Ball, location: 2F
2-2: Ball
3-2: Foul Ball, location: 2F
3-2: Fly out, F9 (Flyball, 9S, EV 89.4 MPH)
Pinch Hitting: RHB Mike Weeks 0-0: Foul Ball, location: 2F
0-1: Ground out 1-3 (Groundball, 13S, EV 70.6 MPH)
Batting: LHB Dennis French 0-0: Called Strike
0-1: Foul Ball, location: 2F
0-2: Ball
1-2: Fly out, F6 (Popup, 6D, EV 66.2 MPH)
Top of the 7th over - 0 runs, 0 hits, 0 errors, 0 left on base; Vanderbilt University 12 - University of North Carolina at Chapel Hill 1
BOTTOM OF THE 7TH
University of North Carolina at Chapel Hill Tar Heels batting - Pitching for Vanderbilt University Commodores : RHP Milutin Mladjenovic
Now in LF: Mike Weeks
Now in CF: Jose Ramos
Batting: RHB Scott Hansen 0-0: Ball
1-0: Foul Ball, location: 2F
1-1: Ground out 6-3 (Groundball, 6, EV 80.6 MPH)
Batting: RHB Mike Storey 0-0: Ball
1-0: Called Strike
1-1: Foul Ball, location: 2F
1-2: Ball
2-2: Foul Ball, location: 2F
2-2: Strikes out swinging
Batting: RHB Kyle Franken 0-0: Foul Ball, location: 2F
0-1: Ground out 4-3 (Groundball, 4, EV 105.0 MPH)
Bottom of the 7th over - 0 runs, 0 hits, 0 errors, 0 left on base; Vanderbilt University 12 - University of North Carolina at Chapel Hill 1
TOP OF THE 8TH
Vanderbilt University Commodores batting - Pitching for University of North Carolina at Chapel Hill Tar Heels : RHP Alex Aldaya
Batting: RHB Jose Ramos 0-0: Fly out, F8 (Flyball, 8LM, EV 90.0 MPH)
Batting: RHB Jelani Griffin 0-0: Called Strike
0-1: Ball
1-1: Called Strike
1-2: DOUBLE (Line Drive, 3D, EV 103.8 MPH)
Pitching: RHP Ted Hurley
Batting: LHB Tony Olmos 0-0: Foul Ball, location: 2F
0-1: Fly out, F9 (Flyball, 89S, EV 80.6 MPH)
Batting: LHB Ryan Adams 0-0: Ball
1-0: Ball
2-0: Fly out, F9 (Flyball, 89M, EV 91.2 MPH)
Top of the 8th over - 0 runs, 1 hit, 0 errors, 1 left on base; Vanderbilt University 12 - University of North Carolina at Chapel Hill 1
BOTTOM OF THE 8TH
University of North Carolina at Chapel Hill Tar Heels batting - Pitching for Vanderbilt University Commodores : RHP Milutin Mladjenovic
Batting: RHB Brandon Wilson 0-0: Swinging Strike
0-1: Ball
1-1: Fly out, F8 (Flyball, 78M, EV 92.5 MPH)
Batting: SHB Ryan Marsh 0-0: Ball
1-0: Called Strike
1-1: Ground out 4-3 (Groundball, 4, EV 105.0 MPH)
Batting: RHB Bill Atley 0-0: Called Strike
0-1: Ball
1-1: Called Strike
1-2: Foul Ball, location: 2F
1-2: Fly out, F8 (Flyball, 8RM, EV 86.9 MPH)
Bottom of the 8th over - 0 runs, 0 hits, 0 errors, 0 left on base; Vanderbilt University 12 - University of North Carolina at Chapel Hill 1
TOP OF THE 9TH
Vanderbilt University Commodores batting - Pitching for University of North Carolina at Chapel Hill Tar Heels : RHP Ted Hurley
Batting: LHB Garret Mathis 0-0: Called Strike
0-1: Swinging Strike
0-2: Foul Ball, location: 2F
0-2: Foul Ball, location: 2F
0-2: Strikes out swinging
Batting: RHB Ryan Wright 0-0: Ball
1-0: Ball
2-0: Swinging Strike
2-1: Ball
3-1: Ground out 6-3 (Groundball, 6, EV 82.5 MPH)
Batting: LHB Jessie Whedbee 0-0: Called Strike
0-1: Swinging Strike
0-2: Ball
1-2: Foul Ball, location: 2F
1-2: Foul Ball, location: 2F
1-2: Ball
2-2: Ball
3-2: Foul Ball, location: 2F
3-2: Foul Ball, location: 2F
3-2: Foul Ball, location: 2F
3-2: Fly out, F9 (Flyball, 89M, EV 77.5 MPH)
Top of the 9th over - 0 runs, 0 hits, 0 errors, 0 left on base; Vanderbilt University 12 - University of North Carolina at Chapel Hill 1
BOTTOM OF THE 9TH
University of North Carolina at Chapel Hill Tar Heels batting - Pitching for Vanderbilt University Commodores : RHP Milutin Mladjenovic
Batting: SHB Sam Fredrick 0-0: Called Strike
0-1: Called Strike
0-2: Ball
1-2: Strikes out swinging
Pinch Hitting: RHB Tony Jennings 0-0: Ball
1-0: Ball
2-0: Called Strike
2-1: Ball
3-1: Base on Balls
Batting: RHB Tan Halit 0-0: Ball
1-0: Grounds into double play, 6-4-3 (Groundball, 6M, EV 88.1 MPH)
Bottom of the 9th over - 0 runs, 0 hits, 0 errors, 0 left on base; Vanderbilt University 12 - University of North Carolina at Chapel Hill 1
Thursday, December 15th , 2022 - OOTP Baseball 23.9 Build 102